 Dungeon Crawl Stone Soup version 0.31.0-32-g396128a36d (webtiles) character file.

Game seed: 1640231426331149894

4101 601d51SH the Cleaver (level 10, -3/81 HPs)
             Began as a Hill Orc Fighter on Apr 2, 2024.
             Was a Follower of Hepliaklqana.
             Killed by divine providence
             ... invoked by an orc priest
              (14 damage)
             ... on level 8 of the Dungeon.
             The game lasted 00:20:49 (8269 turns).

601d51SH the Cleaver (Hill Orc Fighter)             Turns: 8269, Time: 00:20:50

Health: -3/81      AC: 20    Str: 29    XL:     10   Next: 26%
Magic:  10/10      EV: 10    Int: 13    God:    Hepliaklqana [*.....]
Gold:   413        SH:  7    Dex:  5    Spells: 9/9 levels left

rFire   + . .        I - +2 flail (protect)
rCold   . . .        E - +2 buckler of Xom's Delight {Str+5 Int+5 Dex-5}
rNeg    . . .        b - +0 scale mail
rPois   .            i - +0 helmet
rElec   .            (no cloak)
rCorr   .            (no gloves)
SInv    .            (no boots)
Will    .....        r - amulet of the acrobat Stlth
                     h - +4 ring of protection
HPRegen 0.33/turn    z - ring of protection from fire
MPRegen 0.12/turn

%: acrobat
@: mighty, lethally poisoned (-3 -> -6), under a protective aura
A: reduced essence
a: Renounce Religion, Convert to Beogh, Recall Ancestor, Ancestor Identity


You were on level 8 of the Dungeon.
You worshipped Hepliaklqana.
Hepliaklqana was aware of your devotion.
You visited 2 branches of the dungeon, and saw 9 of its levels.
You also visited: Sewer.

You collected 413 gold pieces.

Inventory:

Hand Weapons
 a - a +0 war axe
 g - a +1 dagger of venom
 B - a +0 sling of flaming
 I - a +2 flail of protection (weapon)
 K - a +2 heavy dire flail
 M - the +0 whip "Fuherpha" {freeze, rElec Str+2 Dex+5 Stlth-}
   (You found it on level 8 of the Dungeon)

   Str+2:     It affects your strength (+2).
   Dex+5:     It affects your dexterity (+5).
   rElec:     It insulates you from electricity.
   Stlth-:    It makes you less stealthy.
Missiles
 s - a throwing net (quivered)
 N - 3 poisoned darts
Armour
 b - a +0 scale mail (worn)
 c - a +0 buckler
 i - a +0 helmet (worn)
 E - the +2 buckler of Xom's Delight (worn) {Str+5 Int+5 Dex-5}
   (You found it on level 6 of the Dungeon)

   Str+5:     It affects your strength (+5).
   Int+5:     It affects your intelligence (+5).
   Dex-5:     It affects your dexterity (-5).
Jewellery
 h - a +4 ring of protection (left hand)
 o - a ring of fire
 r - an amulet of the acrobat (around neck)
 v - a ring of positive energy
 z - a ring of protection from fire (right hand)
Wands
 q - a wand of iceblast (9)
 x - a wand of polymorph (7)
 F - a wand of charming (14)
Scrolls
 e - 3 scrolls of teleportation
 f - a scroll of fear {unknown}
 j - 4 scrolls of vulnerability
 n - a scroll of enchant weapon {unknown}
 p - 2 scrolls of immolation {unknown}
 y - 2 scrolls of brand weapon {unknown}
 C - a scroll of blinking {unknown}
 D - 3 scrolls of noise
Potions
 k - 4 potions of invisibility
 l - a potion of curing
 m - a potion of attraction
 t - a potion of enlightenment
 u - a potion of brilliance {unknown}
 w - a potion of haste
 A - a potion of degeneration {unknown}
 G - a potion of mutation {unknown}
 H - a potion of heal wounds
 J - a potion of magic {unknown}
 L - a potion of lignification {unknown}


   Skills:
 + Level 9.2 Fighting
 - Level 9.3(9.7) Axes
 * Level 3.5(6.1) Maces & Flails
 + Level 8.4 Armour
 + Level 1.6 Dodging
 + Level 8.3 Shields


You had 9 spell levels left.
You didn't know any spells.
Your spell library contained the following spells:

 Spells                   Type           Power      Damage    Failure   Level
 Foxfire                  Conj/Fire      0%         2x1d4     54%         1
 Sandblast                Erth           0%         2d4       54%         1
 Passwall                 Erth           0%         N/A       89%         3
 Stone Arrow              Conj/Erth      0%         3d7       89%         3
 Summon Ice Beast         Ice/Summ       0%         N/A       89%         3
 Brom's Barrelling Bould  Conj/Erth      0%         2d3       100%        4
 Summon Blazeheart Golem  Fire/Summ      0%         N/A       100%        4
 Summon Mana Viper        Hex/Summ       0%         N/A       100%        5
 Plasma Beam              Fire/Air       0%         2x1d10    100%        6
 Starburst                Conj/Fire      0%         6d3       100%        6
 Monstrous Menagerie      Summ           0%         N/A       100%        7
 Orb of Destruction       Conj           0%         9d5       100%        7
 Spellforged Servitor     Conj/Summ      0%         N/A       100%        7


Dungeon Overview and Level Annotations

Branches:
Dungeon (8/15)             Temple (1/1) D:6           Sewer (visited)
   Lair: D:8-11

Altars:
Ashenzari
Cheibriados
Dithmenos
Elyvilon
Fedhas
Hepliaklqana
Makhleb
Okawaru
Qazlal
Ru
Trog
Vehumet
Wu Jian
Xom
Yredelemnul
Zin
The Shining One

Shops:
D:3 (

Annotations:
D:7 exclusion: oklob plant


Message History

You hear some strange, mumbled words.
A puff of flame appears from out of thin air!
The puff of flame misses you.
The puff of flame hits the orc warrior.
The orc closely misses you.
The orc priest mumbles some strange prayers to Beogh against you.
You block the orc priest's attack. The orc warrior barely misses you.
You block the hornet's attack. The orc warrior misses you.
Something hits you but does no damage. The orc hits you but does no damage.
The orc priest hits you but does no damage.
You barely miss the orc priest.
The orc priest is lightly wounded.
You feel sick.
The hornet stings you but does no damage.
Something hits you but does no damage.
The orc priest looks satisfied for a moment.
You block the orc warrior's attack. The orc hits you but does no damage.
The orc priest hits you but does no damage.
You sock the orc priest!
The orc priest is almost dead.
You feel sick.
The hornet stings you but does no damage.
The hornet barely misses you. You block something's attack.
The orc priest calls upon Beogh to heal the orc warrior.
The orc warrior is healed somewhat.
The orc hits you but does no damage.
The orc warrior hits you with a +2 battleaxe of freezing!
* * * LOW HITPOINT WARNING * * *
The orc warrior freezes you.
* * * LOW HITPOINT WARNING * * *
You barely miss the orc priest.
The orc priest is almost dead.
You feel sick. The hornet barely misses you. The orc barely misses you.
The orc warrior hits you with a +2 battleaxe of freezing.
* * * LOW HITPOINT WARNING * * *
The orc warrior freezes you.
* * * LOW HITPOINT WARNING * * *
Something hits you.
* * * LOW HITPOINT WARNING * * *
The orc priest mumbles some strange prayers to Beogh against you.
Beogh smites you!
You die...

##... .#.
.........####...##....######
............ ........>......#
...........###...##.........#
...........##...............#+#
...........#.....##............
...........#...................
...[.......#..oy...............
...........#.o@#....^..........
#####.)##.#.o{#...............
#.######<..#.#..o####....#.##....
.......†.....##............##....
.........................######.#
...........................#.....
................#####............
#.####..............#............
#. ##+######...##.#............


You could see a hornet, an orc warrior, 2 orc priests and an orc.

Vanquished Creatures
  A wyvern (D:6)
  A water moccasin (D:7)
  5 orc warriors
  Pargi (Sewer)
  A sky beast (D:7)
  2 ice beasts
  3 black bears (D:6)
  2 ogres (D:6)
  4 centaurs
  A brain worm (Sewer)
  3 bullfrogs
  3 scorpions (D:6)
  A gnoll sergeant (D:5)
  2 killer bees (D:8)
  2 howler monkeys (D:5)
  2 bombardier beetles
  6 hounds (D:5)
  4 orc priests
  A jelly (D:5)
  Natasha (twice) (D:4)
  2 gnoll boudas
  3 iguanas
  6 orc wizards
  6 adders
  8 gnolls (D:5)
  3 shadow imps
  2 white imps
  9 ufetubi
  4 dart slugs
  2 ribbon worms
  23 orcs
  19 bats
  8 endoplasms
  7 giant cockroaches
  6 goblins
  6 hobgoblins
  4 jackals
  5 quokkas
  5 ball pythons
  2 frilled lizards
  6 kobolds
  2 rats
185 creatures vanquished.

Vanquished Creatures (collateral kills)
  Joseph (D:8)
  A sky beast (D:7)
  An orc warrior (D:7)
  An orc priest (D:7)
  A jelly (D:8)
  A shadow imp (D:7)
  An orc (D:8)
7 creatures vanquished.

Vanquished Creatures (others)
  2 ancestors (D:8)
2 creatures vanquished.

Grand Total: 194 creatures vanquished

Notes
Turn   | Place    | Note
-------+----------+-------------------------------------------
     0 | D:1      | 601d51SH the Hill Orc Fighter began the quest for the Orb.
     0 | D:1      | Reached XP level 1. HP: 19/19 MP: 1/1
    46 | D:1      | Reached XP level 2. HP: 27/27 MP: 2/2
   300 | D:1      | Reached XP level 3. HP: 29/33 MP: 3/3
   713 | D:1      | Found a faded altar of an unknown god.
  1253 | D:2      | Reached XP level 4. HP: 38/40 MP: 4/4
  1899 | D:3      | Found a white marble altar of Elyvilon.
  2150 | D:3      | Found a snail-covered altar of Cheibriados.
  2247 | D:3      | Found Oqawatig's Weapon Shop.
  2283 | D:3      | Found an iron altar of Okawaru.
  2293 | D:3      | Found a broken altar of Ashenzari.
  2301 | D:3      | Reached XP level 5. HP: 47/47 MP: 5/5
  2534 | D:4      | Found a shimmering altar of Xom.
  2739 | D:4      | Noticed Natasha
  2995 | D:4      | Reached XP level 6. HP: 54/55 MP: 6/6
  3007 | D:4      | Found an ornate altar of the Wu Jian Council.
  3020 | D:4      | Reached skill level 5 in Fighting
  3020 | D:4      | Reached skill level 5 in Axes
  3115 | D:4      | Killed Natasha
  3150 | D:4      | Noticed Natasha
  3157 | D:4      | Killed Natasha
  3231 | D:5      | Entered Level 5 of the Dungeon
  3238 | D:5      | Found a basalt altar of Yredelemnul.
  3261 | D:5      | Found a glowing drain.
  3323 | D:5      | Reached skill level 5 in Armour
  3323 | D:5      | Reached XP level 7. HP: 56/61 MP: 7/7
  3356 | D:5      | Reached skill level 5 in Shields
  3472 | Sewer    | Entered a sewer
  3518 | Sewer    | Noticed Pargi
  3540 | Sewer    | Killed Pargi
  3918 | D:5      | Reached XP level 8. HP: 65/70 MP: 8/8
  4449 | D:5      | Found a glowing golden altar of the Shining One.
  4982 | D:6      | Found a bloodstained altar of Trog.
  5124 | D:6      | Reached XP level 9. HP: 64/79 MP: 9/9
  5317 | D:6      | Identified the +2 buckler of Xom's Delight {Str+5 Int+5
                  | Dex-5}
  5424 | D:6      | Found a staircase to the Ecumenical Temple.
  5451 | Temple   | Entered the Ecumenical Temple
  5461 | Temple   | Became a worshipper of Hepliaklqana the Forgotten
  6619 | D:7      | Reached skill level 1 in Maces & Flails
  6695 | D:7      | Reached XP level 10. HP: 64/90 MP: 10/10
  6920 | D:7      | Reached * piety under Hepliaklqana
  7034 | D:7      | Reached skill level 1 in Dodging
  7373 | D:7      | Found a stormy altar of Qazlal.
  7411 | D:7      | Found a blossoming altar of Fedhas.
  7429 | D:7      | Noticed an oklob plant
  7851 | D:8      | Noticed Joseph
  7867 | D:8      | Killed Joseph
  8023 | D:8      | Identified the +0 whip "Fuherpha" {freeze, rElec Str+2
                  | Dex+5 Stlth-}
  8094 | D:8      | Noticed a cane toad
  8094 | D:8      | Noticed a cyclops
  8094 | D:8      | a cane toad changed into a salamander
  8094 | D:8      | Noticed a salamander (shapeshifter)
  8114 | D:8      | a salamander changed into a cane toad
  8114 | D:8      | Noticed a cane toad (shapeshifter)
  8269 | D:8      | Killed from afar by an orc priest

Illustrated notes

Levels and vault maps discovered:
D:1:      beargit_arrival_greenhouse, layout_basic,
          hellmonk_ecumenical_altar_crossroads, minmay_misc_feat_plants,
          dreamdust_wishing_well, serial_bayou_pond_e
D:2:      layout_loops_ring, serial_glass, glass_columns_b, glass_columns_b
D:3:      layout_basic, jmf_multi_god_temple2, kennysheep_slug_shrine,
          mainiacjoe_overflow_paths, serial_shops, shop
D:4:      layout_basic, brannock_xom_greatest_gift, nzn_wu_jian_council_hall,
          serial_demonic, serial_demonic_b, serial_demonic_c, serial_demonic_f,
          serial_demonic_a, uniq_natasha
D:5:      minmay_evil_eye, layout_loops_ring, mainiacjoe_overflow_alcove_1,
          nicolae_overflow_crystal_walls, cheibrodos_sewer_entry_sluice,
          nicolae_concentric_dashed_squares_mild, hangedman_abyss_or_decor_slice
D:6:      minmay_chambers_of_threes, layout_loops_ring, trog_ov_bears_minmay,
          minmay_temple_entry_trees, nicolae_eternal_life,
          minmay_strange_pillars
D:7:      layout_cave_pods, mainiacjoe_overflow_cross_hatched, tgw_fedhas,
          minmay_misc_feat_room
D:8:      minmay_the_grid_octo_triangle [minmay_the_grid_octo_vomiting_pacman,
          minmay_the_grid_octo_prize_single_spiral,
          minmay_the_grid_octo_thin_diamonds], layout_basic,
          mainiacjoe_overflow_brackets, uniq_joseph
Temple:   nicolae_temple_two_arcs

Skill      XL: |  1  2  3  4  5  6  7  8  9 10 |
---------------+-------------------------------+-----
Axes           | 3 4 5 6 7 9 |  9.3
Fighting       | 4 5 6 7 8 9 |  9.2
Armour         | 4 5 6 8 |  8.4
Shields        | 4 5 6 8 |  8.3
Maces & Flails | 1 3 |  3.5
Dodging        | 1 |  1.6

Action                     |  1- 3 |  4- 6 |  7- 9 | 10-12 || total
---------------------------+-------+-------+-------+-------++-------
  Melee: War axe           |   120 |   206 |   328 |       ||   654
         Flail             |       |       |    34 |    96 ||   130
  Evoke: Wand              |       |     1 |       |       ||     1
    Use: Scroll            |       |     6 |     2 |     3 ||    11
         Potion            |       |       |     1 |     1 ||     2
 Armour: Scale mail        |    97 |   214 |   351 |   137 ||   799
  Dodge: Dodged            |    82 |   170 |   210 |    80 ||   542
  Block: Buckler           |    26 |    58 |   118 |    52 ||   254
